Map: Oxide LE

Players

Nadie - Winner!

  • Race: Zerg Zerg
  • League: Diamond

Pendergast

  • Race: Terran Terran
  • League: Diamond

VOD

Have the link to the VOD?

Description

Time

  • Played on: Aug. 30, 2021, 2:18 a.m.
  • Length: 9:10
Show
View Real Time Build Order
Export as new Build Order

Nadie Zerg - Winner!

Build Orders: Hatch First 

Get SALT Encoding   

  12  0:01  Drone  
  13  0:13  Overlord  
  13  0:17  Drone  
  14  0:32  Drone x2  
  16  0:55  Drone  
  17  0:58  Hatchery  
  16  1:08  Spawning Pool  
  16  1:11  Drone  
  16  1:15  Drone  
  17  1:37  Hatchery  
  16  1:42  Drone  
  16  1:45  Drone  
  18  1:56  Queen  
  20  2:10  Queen  
  20  2:13  Drone  
  20  2:14  Drone x2  
  25  2:28  Extractor  
  24  2:34  Zergling x4  
  24  2:35  Zergling x2  
  27  2:37  Overlord x2  
  26  3:00  Drone x4  
  26  3:01  Queen  
  32  3:09  Drone  
  33  3:22  Drone x5  
  38  3:31  Extractor x2  
  36  3:39  Zergling x4  
  36  3:40  Zergling x2  
  39  3:43  Drone x2  
  39  3:44  Drone x2  
  39  3:48  Lair  
  43  3:50  Extractor  
  42  4:06  Drone  
  43  4:11  Overlord x3  
  43  4:23  Metabolic Boost  
  43  4:38  Drone  
  43  4:42  Drone  
  43  4:43  Drone x7  
  52  4:51  Drone  
  52  4:52  Drone x2  
  55  5:00  Drone x2  
  55  5:01  Drone  
  58  5:23  Hatchery  
  57  5:30  Spire  
  57  5:31  Overlord x2  
  56  5:38  Baneling Nest  
  55  5:48  Zergling x2  
  55  5:49  Zergling x18  
  65  6:01  Overlord x2  
  65  6:07  Zergling x4  
  65  6:08  Zergling x4  
  67  6:42  Mutalisk x4  
  67  6:43  Mutalisk x4  
  83  6:50  Mutalisk x3  
  72  7:17  Mutalisk  
  72  7:18  Mutalisk x5  
  72  7:21  Drone  
  72  7:22  Drone x6  
  91  7:33  Evolution Chamber x2  
  89  7:52  Zergling x10  
  89  7:53  Zergling x8  
  96  8:12  Zergling x12  
  98  8:22  Overlord x2  
  98  8:46  Zergling x2  
  98  8:47  Zergling x20  
Show
View Real Time Build Order
Export as new Build Order

Pendergast Terran 

Build Orders:  

Get SALT Encoding   

  12  0:00  SCV  
  13  0:12  SCV  
  14  0:17  Supply Depot  
  14  0:24  SCV  
  15  0:38  SCV  
  15  0:40  Barracks  
  16  0:44  Refinery  
  16  0:51  SCV  
  17  1:03  SCV  
  18  1:15  SCV  
  20  1:34  Marine, Bunker  
  20  1:36  Orbital Command  
  20  1:45  Supply Depot  
  20  1:51  Factory  
  20  1:52  Marine  
  21  2:08  SCV  
  22  2:12  Marine  
  23  2:20  SCV  
  24  2:26  Command Center  
  24  2:31  Barracks Reactor  
  24  2:34  SCV  
  25  2:45  Starport  
  25  2:46  SCV  
  25  3:00  SCV  
  25  3:02  Factory Tech Lab  
  26  3:09  Marine x2  
  26  3:12  SCV  
  29  3:17  Refinery  
  29  3:39  Orbital Command  
  29  3:44  Command Center  
  29  3:49  SCV  
  29  3:55  Raven  
  30  3:57  Hellion  
  30  3:58  Hellion  
  36  4:04  Barracks Tech Lab  
  36  4:05  SCV  
  36  4:08  SCV  
  38  4:17  SCV  
  38  4:19  Hellion x2  
  43  4:31  Stimpack  
  43  4:40  Hellion  
  45  4:46  Starport Reactor  
  45  4:56  Hellion  
  45  4:57  Orbital Command  
  49  5:07  Hellion  
  49  5:11  Orbital Command  
  49  5:12  Refinery x2  
  49  5:17  SCV, Hellion  
  49  5:20  Engineering Bay  
  52  5:22  Engineering Bay  
  52  5:31  Starport Reactor  
  52  5:38  SCV x3  
  55  5:54  SCV  
  55  5:55  SCV x2  
  58  6:02  Terran Infantry Armor Level 1, Terran Infantry Weapons Level 1  
  58  6:05  Barracks  
  58  6:06  SCV  
  58  6:07  SCV x2  
  58  6:10  Factory Reactor  
  61  6:20  Combat Shield  
  61  6:28  Marine  
  61  6:29  SCV x3  
  61  6:32  Supply Depot  
  65  6:33  Supply Depot, Barracks  
  65  6:37  Barracks, Starport Reactor  
  65  6:41  SCV x3  
  54  7:09  SCV  
  55  7:21  Supply Depot  
  55  7:23  SCV  
  55  7:25  Missile Turret  
  55  7:26  Medivac  
  55  7:27  Marine, Supply Depot, Medivac, Missile Turret  
  59  7:31  Marine x2  
  59  7:32  Marine x4  
  55  7:44  Widow Mine  
  55  7:45  Marine  
  55  7:49  Marine x4  
  55  7:50  Marine  
  63  7:55  Supply Depot  
  63  7:56  Viking x2  
  63  7:57  Armory  
  61  8:02  Marine  
  59  8:07  Marine x3  
  59  8:10  Marine  
  56  8:20  Marine  
  56  8:24  Marine  
  56  8:25  Marine  
  56  8:28  Marine  
  56  8:31  Widow Mine  
  56  8:38  Marine  
  57  8:42  Marine  
  57  8:45  Marine  
  60  8:49  SCV  
  60  8:50  SCV  
Tags
 
Add a new tag
Caveats
  • Supply blocks, unpowered buildings, or Contaminate may cause inaccurate times.
  • Supply counts are checked every 10 seconds.